 Dungeon Crawl Stone Soup version 0.23-a0-49-gd9f7a49 (webtiles) character file.

13863 galech the Cleaver (level 11, 0/101 HPs)
             Began as a Minotaur Fighter on Aug 7, 2018.
             Was a High Priest of Makhleb.
             Killed from afar by a raiju (16 damage)
             ... with a living lightning
             ... on level 1 of the Abyss.
             The game lasted 00:19:11 (9419 turns).

galech the Cleaver (Minotaur Fighter)               Turns: 9419, Time: 00:19:12

Health: 0/101      AC: 19    Str: 21    XL:     11   Next: 81%
Magic:  10/10      EV: 12    Int:  5    God:    Makhleb [*****.]
Gold:   1186       SH: 12    Dex: 13    Spells: 10/10 levels left

rFire    . . .     SeeInvis .   y - +2 hand axe (elec)
rCold    . . .     Gourm    .   c - +0 shield
rNeg     . . .     Faith    .   D - +4 troll leather armour {Snorg}
rPois    .         Spirit   .   (helmet restricted)
rElec    .         Reflect  .   U - +2 cloak {+Inv}
rCorr    +         Harm     .   w - +0 pair of gloves
MR       .....                  i - +0 pair of boots
Stlth    +.........             p - amulet of regeneration
HPRegen  1.06/turn              C - +3 ring of protection
MPRegen  0.12/turn              S - ring of resist corrosion

@: about to teleport, very slightly contaminated
A: retaliatory headbutt, horns 2
a: Minor Destruction, Lesser Servant of Makhleb, Major Destruction, Greater
Servant of Makhleb, Renounce Religion, Evoke Invisibility


You were on level 1 of the Abyss.
You worshipped Makhleb.
Makhleb was extremely pleased with you.
You were not hungry.

You visited 2 branches of the dungeon, and saw 12 of its levels.
You visited the Abyss 1 time.
You also visited: Sewer.

You collected 1186 gold pieces.

Inventory:

Hand Weapons
 y - a +2 hand axe of electrocution (weapon)
 L - the +4 dagger of Offence {pain, +Inv rN+ Str+4}
   (You found it on level 6 of the Dungeon)

   In the hands of one skilled in necromantic magic, it inflicts extra damage on
   living creatures.
   It affects your strength (+4).
   It protects you from negative energy.
   It lets you turn invisible.
 Z - a +0 hunting sling of velocity
Missiles
 P - 76 sling bullets
Armour
 c - a +0 shield (worn)
 i - a +0 pair of boots (worn)
 w - a +0 pair of gloves (worn)
 D - a +4 troll leather armour (worn) {Snorg}
 U - a +2 cloak of invisibility (worn)
Jewellery
 p - an amulet of regeneration (around neck)
 r - an uncursed amulet of guardian spirit
 C - a +3 ring of protection (left hand)
 F - an uncursed ring of flight
 R - an uncursed ring of ice
 S - a ring of resist corrosion (right hand)
Wands
 J - a wand of digging (26)
Scrolls
 g - 5 scrolls of magic mapping
 k - 3 scrolls of amnesia
 l - 2 scrolls of remove curse
 n - 3 scrolls of teleportation
 o - a scroll of fog
 q - 2 scrolls of blinking
 s - a scroll of enchant armour
 t - 3 scrolls of fear
 I - a scroll of vulnerability {unknown}
 K - a scroll of brand weapon {unknown}
Potions
 b - a potion of berserk rage {unknown}
 d - 3 potions of might
 e - 5 potions of flight {unknown}
 h - 2 potions of magic {unknown}
 m - 5 potions of ambrosia {unknown}
 u - 4 potions of brilliance {unknown}
 v - a potion of lignification {unknown}
 z - a potion of degeneration {unknown}
 A - 4 potions of curing {unknown}
 B - 4 potions of heal wounds {unknown}
 G - 2 potions of resistance {unknown}
 H - 2 potions of agility {unknown}
 M - a potion of mutation {unknown}
 N - 2 potions of invisibility {unknown}
 V - a potion of haste {unknown}
Comestibles
 a - 21 chunks of flesh
 f - 23 rations


   Skills:
 + Level 10.3 Fighting
 + Level 14.0 Axes
 + Level 9.9 Armour
 + Level 3.5 Dodging
 + Level 1.1 Stealth
 + Level 11.4 Shields


You had 10 spell levels left.
You didn't know any spells.
Your spell library contained the following spells:

 Spells                   Type           Power        Failure   Level  Hunger
 Apportation              Tloc           #.....       67%         1    ##.....
 Controlled Blink         Tloc           N/A          100%        8    #######
 Teleport Other           Tloc           #.......     96%         3    ####...
 Summon Small Mammal      Summ           #...         67%         1    ##.....
 Animate Skeleton         Necr           N/A          67%         1    ##.....
 Confusing Touch          Hex            #.....       67%         1    ##.....
 Portal Projectile        Hex/Tloc       #.....       96%         3    ####...
 Passage of Golubria      Tloc           N/A          100%        4    #####..
 Shroud of Golubria       Chrm/Tloc      #.........   82%         2    ###....


Dungeon Overview and Level Annotations

Branches:
Dungeon (10/15)            Temple (0/1) D:5             Orc (2/2) D:10
    Elf (0/3) Orc:2
   Lair: D:8-11

Altars:
Ashenzari
Cheibriados
Dithmenos
Elyvilon
Fedhas
Kikubaaqudgha
Makhleb
Nemelex Xobeh
Okawaru
Qazlal
Ru
Sif Muna
Vehumet
Wu Jian
Xom
Beogh

Shops:
D:10 :[[   Orc:2 ?


Innate Abilities, Weirdness & Mutations

You reflexively headbutt those who attack you in melee.
You have a pair of horns on your head.


Message History

The living lightning hits you!
* * * LOW HITPOINT WARNING * * *
The living lightning misses the raiju.
The raiju blinks!
The raiju barely misses you. You block the raiju's attack.
Blink to where?
Press: ? - help, Dir - move target cursor You are very lightly contaminated with residual magic.
As you read the scroll of blinking, it crumbles to dust.
As you read the scroll of teleportation, it crumbles to dust.
You feel strangely unstable.
You feel the power of the Abyss delaying your translocation!
You start resting.
The raiju is too close now for your liking.
You closely miss the raiju.
The raiju is severely wounded.
You hit the raiju. Your headbutt misses the raiju.
The raiju is severely wounded.
The raiju bursts into living lightning!
The living lightning misses you. The living lightning hits you!
You die...

.# #....# .#
..... .. .#
..... ..... ##
.... ...# .##..
......###..
........###
#.......h##
.....
.#.......#@#
.... ...
._...### ....$
#.#.....## ..
..###...h.###
#.ยง.....#.# ##
##
..........#.# .
.....#.#....##
..............#
..$...........#


You could see a raiju.

Vanquished Creatures
  Snorg (Orc:1)
  A two-headed ogre (D:9)
  2 orc high priests (Orc:2)
  An unseen horror (D:10)
  Pikel (D:6)
  An orc sorcerer (Orc:1)
  A centaur zombie (D:10)
  Maurice (D:8)
  Joseph (D:7)
  3 trolls
  Grinder (D:3)
  2 yaks (D:7)
  2 hogs (D:7)
  A human (D:7)
  Menkaure (D:7)
  A warg (Orc:1)
  A hungry ghost (D:7)
  17 orc warriors
  4 ice beasts
  3 sky beasts
  3 slaves (D:6)
  8 ogres
  4 phantoms
  A necrophage (D:10)
  3 centaurs
  2 big kobolds
  3 bullfrogs
  A wyvern zombie (D:7)
  4 scorpions
  10 killer bees (D:7)
  4 howler monkeys
  A vampire bat (D:6)
  2 crimson imps
  A quasit (D:9)
  A bullfrog zombie (D:6)
  4 hounds
  Crazy Yiuf (D:7)
  A bullfrog skeleton (D:10)
  12 orc priests
  2 centaur skeletons
  3 jellies
  21 orc wizards
  3 iguanas
  7 worker ants
  A howler monkey zombie (D:7)
  20 adders
  3 river rats
  A shadow imp (D:7)
  2 oozes
  2 adder zombies
  4 worms
  2 dart slugs (D:1)
  6 leopard geckos
  68 orcs
  3 ball pythons
  A bat skeleton (D:6)
  5 bat zombies (D:6)
  7 giant cockroaches
  13 goblins
  6 hobgoblins
  12 jackals
  5 quokkas
  7 bats
  7 frilled lizards
  21 kobolds
  A quokka skeleton (D:4)
  A quokka zombie (D:5)
  15 rats
361 creatures vanquished.

Notes
Turn   | Place    | Note
-------+----------+-------------------------------------------
     0 | D:1      | galech the Minotaur Fighter began the quest for the Orb.
     0 | D:1      | Reached XP level 1. HP: 19/19 MP: 0/0
   154 | D:1      | Reached XP level 2. HP: 27/27 MP: 1/1
   276 | D:1      | Reached XP level 3. HP: 17/33 MP: 2/2
   453 | D:1      | Reached skill level 3 in Axes
   774 | D:2      | Reached XP level 4. HP: 40/40 MP: 3/3
   979 | D:2      | Reached skill level 1 in Dodging
  1026 | D:2      | Reached skill level 4 in Axes
  1082 | D:2      | Found a stormy altar of Qazlal.
  1541 | D:3      | Noticed an ogre
  1545 | D:3      | Killed an ogre
  1545 | D:3      | Reached XP level 5. HP: 39/47 MP: 4/4
  1585 | D:3      | Found a sparkling altar of Nemelex Xobeh.
  1588 | D:3      | Reached skill level 5 in Axes
  1599 | D:3      | Found a burning altar of Makhleb.
  1602 | D:3      | Found a shadowy altar of Dithmenos.
  1609 | D:3      | Became a worshipper of Makhleb the Destroyer
  1628 | D:3      | Found a deep blue altar of Sif Muna.
  1631 | D:3      | Found a shimmering altar of Xom.
  1662 | D:3      | Found a blossoming altar of Fedhas.
  1874 | D:3      | Noticed Grinder
  1879 | D:3      | Paralysed by Grinder for 4 turns
  1884 | D:3      | Paralysed by Grinder for 5 turns
  1892 | D:3      | Paralysed by Grinder for 5 turns
  1902 | D:3      | Killed Grinder
  1902 | D:3      | Reached skill level 5 in Fighting
  1902 | D:3      | Reached skill level 6 in Axes
  1902 | D:3      | Reached skill level 5 in Shields
  1902 | D:3      | Reached XP level 6. HP: 21/56 MP: 5/5
  2086 | D:2      | Found a white marble altar of Elyvilon.
  2265 | D:4      | Reached skill level 5 in Armour
  2344 | D:4      | Reached XP level 7. HP: 61/61 MP: 6/6
  2429 | D:4      | Reached * piety under Makhleb
  2674 | D:4      | Found an iron altar of Okawaru.
  2999 | D:5      | Entered Level 5 of the Dungeon
  3106 | D:5      | Reached skill level 7 in Axes
  3177 | D:5      | Found a shattered altar of Ashenzari.
  3208 | D:5      | Found a staircase to the Ecumenical Temple.
  3313 | D:5      | Reached XP level 8. HP: 69/69 MP: 7/7
  3345 | D:5      | Reached skill level 8 in Axes
  3443 | D:5      | Found a sacrificial altar of Ru.
  3652 | D:5      | Found a radiant altar of Vehumet.
  3952 | D:6      | Reached ** piety under Makhleb
  3971 | D:6      | Found a glowing drain.
  3976 | Sewer    | Entered a sewer
  4158 | Sewer    | Reached skill level 9 in Axes
  4177 | Sewer    | Found a white marble altar of Elyvilon.
  4284 | D:6      | Found an ancient bone altar of Kikubaaqudgha.
  4315 | D:6      | Noticed Pikel
  4337 | D:6      | Killed Pikel
  4337 | D:6      | Reached skill level 10 in Axes
  4337 | D:6      | Reached XP level 9. HP: 55/78 MP: 8/8
  4782 | D:6      | Got a steaming dagger
  4783 | D:6      | Identified the +4 dagger of Offence {pain, +Inv rN+ Str+4} (You found it on level 6 of the Dungeon)
  4958 | D:7      | Found a runed door.
  5181 | D:7      | Noticed Crazy Yiuf
  5185 | D:7      | Killed Crazy Yiuf
  5261 | D:7      | Found an ornate altar of the Wu Jian Council.
  5275 | D:7      | Noticed Joseph
  5291 | D:7      | Killed Joseph
  5291 | D:7      | Reached skill level 11 in Axes
  5402 | D:7      | Reached *** piety under Makhleb
  5412 | D:7      | Reached XP level 10. HP: 86/86 MP: 9/9
  5683 | D:7      | Noticed Menkaure
  5692 | D:7      | Killed Menkaure
  5780 | D:7      | Reached skill level 12 in Axes
  6246 | D:8      | Found a snail-covered altar of Cheibriados.
  6246 | D:8      | Noticed Maurice
  6259 | D:8      | Killed Maurice
  6610 | D:9      | Noticed a two-headed ogre
  6620 | D:9      | Killed a two-headed ogre
  6652 | D:9      | Reached **** piety under Makhleb
  6804 | D:9      | Found a snail-covered altar of Cheibriados.
  6880 | D:10     | Entered Level 10 of the Dungeon
  6912 | D:10     | Found Mad Gasa's Book Boutique.
  7027 | D:10     | Identified Miblala's Grimoire of Displacement
  7098 | D:10     | Reached skill level 13 in Axes
  7098 | D:10     | Reached skill level 10 in Shields
  7248 | D:10     | Killed an unseen horror
  7248 | D:10     | Reached XP level 11. HP: 86/95 MP: 10/10
  7316 | D:10     | Found a staircase to the Orcish Mines.
  7347 | D:10     | Found Cividghia's Armour Emporium.
  7418 | D:10     | Found a roughly hewn altar of Beogh.
  7539 | D:10     | Found Giemec's Armour Boutique.
  7642 | Orc:1    | Entered Level 1 of the Orcish Mines
  7812 | Orc:1    | Reached ***** piety under Makhleb
  8328 | Orc:1    | Noticed an orc sorcerer
  8342 | Orc:1    | Killed an orc sorcerer
  8344 | Orc:1    | Noticed Snorg
  8361 | Orc:1    | Killed Snorg
  8574 | Orc:2    | Entered Level 2 of the Orcish Mines
  8643 | Orc:2    | Found a roughly hewn altar of Beogh.
  8643 | Orc:2    | Noticed an orc high priest
  8669 | Orc:2    | Killed an orc high priest
  8669 | Orc:2    | Reached skill level 10 in Fighting
  8681 | Orc:2    | Found Foschidi's Magic Scroll Boutique.
  8871 | Orc:2    | Found a roughly hewn altar of Beogh.
  8945 | Orc:2    | Found a staircase to the Elven Halls.
  8957 | Orc:2    | Noticed an orc knight
  9202 | Orc:2    | Found a shimmering altar of Xom.
  9286 | Orc:2    | Reached skill level 1 in Stealth
  9302 | Orc:2    | Noticed an orc high priest
  9314 | Orc:2    | Reached skill level 14 in Axes
  9322 | Orc:2    | Killed an orc high priest
  9373 | Orc:2    | Cast into level 1 of the Abyss (orc knight)
  9373 | Abyss:1  | Found a corrupted altar of Lugonu.
  9394 | Abyss:1  | Found a corrupted altar of Lugonu.
  9419 | Abyss:1  | Killed from afar by a raiju

Vault maps used:
D:1:      dpeg_arrival_rhombi, st_stairs_13, minmay_hedge_maze,
          minmay_tetromino_i4
D:2:      lemuel_upstairs_altar, grunt_qazlal_clouds
D:3:      lemuel_doored_altar, minmay_overflow_temple_star_hex, uniq_grinder
D:4:      okawaru_altar_gauntlet_db, minivault_1
D:5:      kennysheep_mini, kennysheep_mini_moat, kennysheep_little_box,
          temple_statues, first_ration
D:6:      kennysheep_vampire_church, lightli_sewer_entry_pipes, uniq_pikel
D:7:      nicolae_overflow_hidden_temple, grunt_livestock,
          uniq_crazy_yiuf_cottage, uniq_menkaure, uniq_joseph
D:8:      slow_altar_1, uniq_maurice
D:9:      lemuel_statue_altar
D:10:     minmay_orc_entry_temple_small, serial_shops, shop_fountains,
          nicolae_shop_competitors_out_of_business, nicolae_shop_trees,
          st_stairs_14
Orc:1:    minmay_orc_keep, uniq_snorg
Orc:2:    grunt_orc_community_town_hall, grunt_orc_community_big_house_2,
          grunt_orc_community_big_house_1, grunt_orc_community_house_3,
          grunt_orc_community_house_3, grunt_orc_community_house_2,
          grunt_orc_community_house_1, grunt_orc_community_house_1,
          grunt_orc_community_house_1, serial_shops, shop_scrolls, basic_altar
Sewer:    sewer_kobolds

Skill      XL: |  1  2  3  4  5  6  7  8  9 10 11 |
---------------+----------------------------------+-----
Shields        | 4 5 7 8 10 11 | 11.4
Armour         | 4 5 6 8 9 |  9.9
Axes           | 3 4 6 7 10 11 13 14 | 14.0
Fighting       | 4 5 6 7 8 10 | 10.3
Dodging        | 1 2 3 |  3.5
Stealth        | 1 |  1.1

Action                   |  1- 3 |  4- 6 |  7- 9 | 10-12 || total
-------------------------+-------+-------+-------+-------++-------
Melee: War axe           |    88 |   109 |   410 |   179 ||   786
       Headbutt          |     7 |    25 |    74 |   101 ||   207
       Hand axe          |       |       |       |   411 ||   411
  Use: Scroll            |       |       |     3 |    15 ||    18
  Eat: Chunk             |       |     5 |    13 |    15 ||    33
Armor: Scale mail        |    58 |    38 |       |       ||    96
       Chain mail        |       |    18 |   219 |    17 ||   254
       Plate armour      |       |       |       |   128 ||   128
       Troll leather arm |       |       |       |    21 ||    21
       Ring mail         |       |       |       |     8 ||     8
Dodge: Dodged            |    34 |    31 |   118 |    81 ||   264
Block: Shield            |    49 |    48 |   219 |   247 ||   563

Table legend:
 A = Spawn XP
 B = Non-spawn XP
 C = Spawn XP percentage of total XP
 D = Spawn monster count
 E = Non-spawn monster count
 F = Spawn count percentage of total count
 G = Total turns spent on level
                    A         B        C        D         E        F      G
               +---------+---------+-------+---------+---------+-------+---------
         Total |       0 |   19805 |   0.0 |       0 |     358 |   0.0 |  9419
               +---------+---------+-------+---------+---------+-------+---------
           D:1 |       0 |      61 |   0.0 |       0 |      33 |   0.0 |   720
           D:2 |       0 |      97 |   0.0 |       0 |      29 |   0.0 |   834
           D:3 |       0 |     492 |   0.0 |       0 |      23 |   0.0 |   675
           D:4 |       0 |     332 |   0.0 |       0 |      23 |   0.0 |   770
           D:5 |       0 |     822 |   0.0 |       0 |      22 |   0.0 |   765
           D:6 |       0 |    1443 |   0.0 |       0 |      34 |   0.0 |   896
           D:7 |       0 |    3079 |   0.0 |       0 |      31 |   0.0 |   915
           D:8 |       0 |    1354 |   0.0 |       0 |      20 |   0.0 |   615
           D:9 |       0 |    1669 |   0.0 |       0 |      15 |   0.0 |   445
          D:10 |       0 |    2412 |   0.0 |       0 |      32 |   0.0 |   762
         Orc:1 |       0 |    4438 |   0.0 |       0 |      46 |   0.0 |   932
         Orc:2 |       0 |    3483 |   0.0 |       0 |      41 |   0.0 |   799
         Sewer |       0 |     123 |   0.0 |       0 |       9 |   0.0 |   245
               +---------+---------+-------+---------+---------+-------+---------
